AoeStats
← 吸любящий怔отец熏

Black Forest

510519466Analyzed
4v4 RM · 1d ago on Oct 1, 2026· 49m 7s· 8 players
Game mode
Random Map
Map size
Large (8 player)
Population
200
Speed
Normal
Resources
Standard
Victory
Conquest
Starting age
Dark Age
Ending age
Imperial Age
RankedLock teamsTeams togetherTeam positionsShared explorationLock speedFull tech treeHidden civsTurbo modeCheats
Victory
Defeat
🇨🇳 Slavs · China
1150
+9
🇨🇳 Khmer · China
1013
+14
🇨🇳 Japanese · China
928
+17
876
+19
🇨🇳 Persians · China
1023
-17
🇨🇳 Saracens · China
968
-15
🇹🇼 Persians · Taiwan
937
-14
🇨🇳 Franks · China
919
-13
等你下钟
0:42 Loom
9:46 Feudal Age
10:47 Double-Bit Axe
12:28 Wheelbarrow
13:25 Horse Collar
14:25 Gold Mining
14:31 Fishing Lines
17:48 Stone Mining
21:30 Castle Age
24:02 Bow Saw
24:39 Heavy Plow
24:50 Gillnets
28:44 Imperial Age
26:55 Gold Shaft Mining
27:47 Caravan
28:18 Coinage
31:51 Hand Cart
31:48 Elite Mameluke
33:50 Conscription
34:14 Banking
35:15 Two-Man Saw
38:00 Forging
37:56 Scale Barding Armor
38:58 Bimaristan
40:22 Iron Casting
42:20 Bloodlines
42:10 Husbandry
43:14 Blast Furnace
春天里的老人
0:28 Loom
11:56 Feudal Age
13:30 Double-Bit Axe
16:49 Castle Age
18:11 Wheelbarrow
20:10 Bow Saw
23:54 Gold Mining
27:25 Caravan
30:59 Forging
31:00 Scale Barding Armor
33:47 Imperial Age
32:15 Town Watch
33:08 Squires
33:30 Chain Barding Armor
33:46 Iron Casting
34:06 Scale Mail Armor
34:36 Husbandry
33:57 Cavalier
35:24 Plate Barding Armor
35:50 Blast Furnace
35:27 Chivalry
35:49 Conscription
35:49 Paladin
38:12 Chemistry
38:34 Fletching
39:00 Chain Mail Armor
41:10 Bodkin Arrow
44:29 Onager
178296399
0:27 Loom
11:50 Feudal Age
16:34 Castle Age
14:54 Horse Collar
15:12 Double-Bit Axe
21:40 Stone Mining
22:01 Bow Saw
25:23 Heavy Plow
27:01 Gold Mining
27:46 Stone Shaft Mining
30:57 Imperial Age
29:03 Scale Barding Armor
28:58 Scale Mail Armor
29:08 Forging
30:02 Wheelbarrow
29:12 Town Watch
30:25 Gold Shaft Mining
29:54 Caravan
30:45 Chain Barding Armor
30:25 Scale Mail Armor
30:35 Forging
31:37 Conscription
31:53 Husbandry
33:16 Chemistry
32:49 Hand Cart
33:12 Plate Barding Armor
32:52 Chain Mail Armor
33:10 Ballistics
33:12 Town Patrol
33:35 Bloodlines
33:53 Cavalier
34:06 Elite War Elephant
36:45 Iron Casting
36:33 Pikeman
37:20 Squires
37:06 Arson
38:39 Halberdier
38:53 Light Cavalry
40:53 Blast Furnace
40:24 Plate Mail Armor
39:55 Cavalier
39:57 Light Cavalry
40:44 Hussar
43:32 Crop Rotation
h1590
1:40 Loom
11:22 Feudal Age
16:07 Castle Age
14:25 Double-Bit Axe
15:04 Fishing Lines
24:58 Caravan
26:05 Gold Mining
29:10 Imperial Age
27:03 Bow Saw
26:39 Horse Collar
27:12 Gillnets
27:55 Heavy Plow
29:43 Wheelbarrow
29:48 Gold Shaft Mining
29:18 Stone Mining
30:40 Bloodlines
29:51 Cavalier
31:13 Conscription
31:56 Hand Cart
32:28 Crop Rotation
32:40 Husbandry
33:24 Savar
34:28 Scale Barding Armor
34:36 Forging
35:54 Two-Man Saw
36:12 Pikeman
36:54 Crossbowman
38:18 Kamandaran
39:55 Elite War Elephant
40:52 Thumb Ring
41:59 Chain Barding Armor
42:06 Padded Archer Armor
41:57 Fletching
43:05 Light Cavalry
43:34 Halberdier
44:16 Squires
45:18 Bodkin Arrow
46:18 Scale Mail Armor
46:59 Plate Barding Armor
46:56 Leather Archer Armor
47:21 Iron Casting
46:25 Hussar
蒸馍
12:40 Feudal Age
13:38 Double-Bit Axe
17:43 Castle Age
15:24 Horse Collar
17:23 Fishing Lines
18:33 Bow Saw
20:52 Heavy Plow
26:06 Wheelbarrow
25:53 Stone Mining
27:56 Gold Mining
28:25 Caravan
31:02 Imperial Age
28:23 Loom
29:20 Hand Cart
29:17 Forging
29:07 Scale Mail Armor
29:21 Masonry
29:31 Ballistics
29:28 Fortified Wall
30:42 Detinets
31:36 Iron Casting
31:17 Chain Mail Armor
31:08 Scale Barding Armor
31:34 Chain Mail Armor
31:58 Siege Engineers
32:17 Conscription
31:23 Capped Ram
31:28 Man-at-Arms
32:09 Squires
31:29 Pikeman
32:16 Long Swordsman
33:57 Blast Furnace
34:34 Chemistry
33:55 Ballistics
33:03 Siege Ram
33:06 Two-Handed Swordsman
35:00 Crop Rotation
35:49 Two-Man Saw
34:19 Champion
34:56 Halberdier
36:52 Onager
40:55 Block Printing
41:07 Illumination
41:19 Theocracy
41:46 Siege Onager
44:01 Block Printing
46:33 Plate Mail Armor
46:23 Chain Barding Armor
46:23 Devotion
49:04 Plate Barding Armor
48:19 Fletching
48:30 Padded Archer Armor
48:31 Druzhina
47:52 Elite Boyar
吸любящий怔отец熏
5:39 Loom
13:05 Feudal Age
17:51 Castle Age
15:56 Horse Collar
16:03 Double-Bit Axe
21:10 Bow Saw
21:02 Heavy Plow
27:06 Wheelbarrow
26:26 Gold Mining
26:26 Stone Mining
26:48 Forging
26:43 Scale Barding Armor
27:51 Szlachta Privileges
29:14 Stone Shaft Mining
29:19 Iron Casting
29:04 Chain Barding Armor
32:24 Imperial Age
30:10 Hand Cart
30:05 Husbandry
29:55 Treadmill Crane
30:43 Bloodlines
32:44 Cavalier
33:48 Conscription
33:50 Lechitic Legacy
34:38 Blast Furnace
33:42 Caravan
34:12 Coinage
34:45 Chemistry
33:51 Siege Engineers
33:44 Capped Ram
33:51 Light Cavalry
35:00 Siege Ram
37:44 Winged Hussar
50:14 Banking
長崎 そよ
0:30 Loom
12:05 Feudal Age
16:05 Castle Age
17:00 Double-Bit Axe
18:16 Wheelbarrow
19:25 Horse Collar
19:36 Gold Mining
24:10 Caravan
26:47 Fortified Wall
27:00 Stone Mining
29:44 Gold Shaft Mining
32:30 Imperial Age
30:25 Hand Cart
29:56 Town Watch
33:37 Bow Saw
33:02 Capped Ram
34:07 Ballistics
34:13 Siege Ram
36:16 Chemistry
35:21 Double Crossbow
35:41 Conscription
35:49 Heavy Scorpion
38:59 Siege Engineers
Death_noob5
11:30 Feudal Age
12:32 Double-Bit Axe
12:30 Horse Collar
16:26 Castle Age
18:03 Fishing Lines
19:01 Loom
22:17 Wheelbarrow
21:52 Heavy Plow
23:30 Town Watch
24:00 Hand Cart
23:57 Gold Mining
24:53 Gillnets
25:31 Bow Saw
26:20 Caravan
26:52 Fervor
28:02 Gold Shaft Mining
27:17 Stone Mining
28:25 Sanctity
32:27 Imperial Age
30:27 Treadmill Crane
30:59 Masonry
31:13 Forging
31:03 Scale Mail Armor
31:17 Fletching
32:37 Iron Casting
32:03 Scale Mail Armor
32:00 Bodkin Arrow
32:06 Padded Archer Armor
33:09 Coinage
33:06 Chain Mail Armor
33:51 Conscription
34:35 Blast Furnace
33:36 Bracer
33:51 Leather Archer Armor
35:04 Two-Man Saw
33:31 Elite Samurai
34:44 Plate Mail Armor
34:19 Scale Barding Armor
35:52 Ring Archer Armor
35:43 Chain Barding Armor
35:36 Bloodlines
35:26 Husbandry
34:48 Light Cavalry
35:39 Thumb Ring
34:56 Heavy Cavalry Archer
36:01 Parthian Tactics
35:25 Pikeman
35:52 Gambesons
36:07 Squires
35:53 Arson
36:01 Halberdier
42:22 Chemistry
41:28 Siege Engineers
41:44 Ballistics
43:30 Kataparuto
42:48 Man-at-Arms
44:17 Long Swordsman
45:17 Two-Handed Swordsman
46:20 Champion
Connection lost

Rejoining the realm…

Still unreachable

The connection could not be restored.

Session expired

The server has moved on; the page needs a fresh start.